 Dungeon Crawl Stone Soup version 0.15.0-18-g9076a4f (webtiles) character file.

2646 Kashira the Vexing (level 9, -28/74 HPs)
             Began as a Naga Enchanter on Sept 7, 2014.
             Was a Believer of Cheibriados.
             Killed from afar by Erolcha (36 damage)
             ... with a fireball
             ... on Level 8 of the Dungeon.
             The game lasted 00:46:38 (8694 turns).

Kashira the Vexing (Naga Enchanter)                 Turns: 8694, Time: 00:46:38

HP -28/74        AC  3     Str 21      XL: 9   Next: 62%
MP   2/24        EV 15     Int 28      God: Cheibriados [**....]
Gold 385         SH  0     Dex 20      Spells:  6 memorised,  5 levels left

rFire  . . .     SeeInvis +     M - +3 trident
rCold  . . .     Clarity  .     E - -2 robe "Ihekoinn" {Dex+4 Int+4}
rNeg   . . .     rCorr    .     (no shield)
rPois  +         rRot     .     (no helmet)
rElec  .         Spirit   .     m - +0 cloak (curse)
SustAb .         Warding  .     (no gloves)
rMut   .         Stasis   .     (no barding)
Gourm  .                        (no amulet)
MR     +....                    F - ring of wizardry
                                l - +2 ring of evasion

@: mighty, very slow, somewhat resistant to hostile enchantments, fairly
stealthy
A: spit poison, see invisible, deformed body, poison resistance, slowness 2, AC
+3
a: Spit Poison, Bend Time, Renounce Religion


You were on level 8 of the Dungeon.
You worshipped Cheibriados.
Cheibriados was pleased with you.
You were hungry.

You visited 2 branches of the dungeon, and saw 10 of its levels.

You collected 385 gold pieces.

Inventory:

Hand weapons
 a - a +1 dagger
 n - a +0 hand axe of distortion
 x - a +3 dagger of venom
 M - a +3 trident (weapon)
 O - a +3 flail
Armour
 b - a +1 robe
 m - a cursed +0 cloak (worn)
 o - a +2 large shield
 E - the -2 robe "Ihekoinn" (worn) {Dex+4 Int+4}
   (You found it on level 5 of the Dungeon)

   It affects your intelligence (+4).
   It affects your dexterity (+4).
Magical devices
 e - a wand of fireball (5) {unknown}
 j - a wand of flame (9) {unknown}
 C - a wand of lightning (5) {unknown}
 N - a wand of paralysis (6) {unknown}
Comestibles
 d - 6 bread rations
 h - 3 fruits
 A - a beef jerky
 J - 2 meat rations
Scrolls
 f - a scroll of immolation {unknown}
 g - 6 scrolls of remove curse
 i - 2 scrolls of enchant weapon
 p - 4 scrolls of enchant armour
 w - a scroll of blinking {unknown}
 y - a scroll of teleportation
 B - 2 scrolls of fog {unknown}
 D - 2 scrolls of random uselessness {unknown}
 G - a scroll of magic mapping {unknown}
 H - 4 scrolls of identify
Jewellery
 l - a +2 ring of evasion (left hand)
 F - a ring of wizardry (right hand)
Potions
 q - 2 potions of resistance
 r - 3 potions of restore abilities
 t - a potion of poison {unknown}
 u - a potion of magic {unknown}
 z - 2 potions of agility {unknown}
 I - 2 potions of flight {unknown}
 K - 2 potions of berserk rage {unknown}
Books
 c - a book of Maledictions

   Spells                             Type                      Level
   *Corona                            Hexes                        1
   Sure Blade                         Hexes/Charms                 2
   Ensorcelled Hibernation            Hexes/Ice                    2
   *Confuse                           Hexes                        3
   *Dazzling Spray                    Conjuration/Hexes            3
   *Enslavement                       Hexes                        4
 k - a book of the Warp

   Spells                             Type                      Level
   Control Teleport                   Charms/Translocation         4
   Phase Shift                        Translocation                5
   Warp Weapon                        Charms/Translocation         5
   Dispersal                          Translocation                6
   Controlled Blink                   Translocation                7
   Disjunction                        Translocation                8
 v - a book of Geomancy

   Spells                             Type                      Level
   Sandblast                          Earth                        1
   *Stoneskin                         Transmutation/Earth          2
   Passwall                           Transmutation/Earth          3
   Stone Arrow                        Conjuration/Earth            3
   Petrify                            Transmutation/Earth          4
   Lee's Rapid Deconstruction         Earth                        5
 L - a book of the Sky

   Spells                             Type                      Level
   Flight                             Charms/Air                   3
   *Airstrike                         Air                          4
   Silence                            Hexes/Air                    5
   Deflect Missiles                   Charms/Air                   6
   Conjure Ball Lightning             Conjuration/Air              6
   Tornado                            Air                          9


   Skills:
 + Level 2.4 Fighting
 - Level 1.0 Short Blades
 + Level 4.6 Dodging
 - Level 4.4 Stealth
 + Level 7.3 Spellcasting
 + Level 4.4 Conjurations
 + Level 7.4 Hexes
 + Level 0.2 Transmutations
 + Level 0.2 Earth Magic


You had 5 spell levels left.
You knew the following spells:

 Your Spells              Type           Power        Failure   Level  Hunger
a - Corona                Hex            ######.      1%          1    None
b - Dazzling Spray        Conj/Hex       #####...     1%          3    None
c - Confuse               Hex            ######..     1%          3    None
d - Enslavement           Hex            ######..     1%          4    ##.....
e - Stoneskin             Trmt/Erth      ##......     4%          2    None
f - Airstrike             Air            ##........   32%         4    ##.....


Dungeon Overview and Level Annotations

Branches:
Dungeon (9/15)             Temple (1/1) D:6
    Orc: D:9-12        Lair: D:8-11

Altars:
Ashenzari
Cheibriados
Dithmenos
Elyvilon
Fedhas
Kikubaaqudgha
Makhleb
Nemelex Xobeh
Okawaru
Qazlal
Sif Muna
Trog
Vehumet
Xom
Yredelemnul
Zin
The Shining One

Shops:
D:4 *=

Annotations:
D:8 Erolcha, Pikel


Innate Abilities, Weirdness & Mutations

You cannot wear boots.
You can spit poison.
Your serpentine skin is tough (AC +3).
You have supernaturally acute eyesight.
Armour fits poorly on your strangely shaped body.
Your system is resistant to poisons.
You cover ground very slowly.


Message History

Erolcha screams, "Blood!"
Erolcha closely misses you. Pikel barely misses you.
You hit Erolcha.
Erolcha is heavily wounded.
Erolcha closely misses you. Pikel barely misses you.
You puncture Erolcha!
Erolcha is severely wounded.
Erolcha closely misses you. Pikel hits you with a whip of flaming!
* * * LOW HITPOINT WARNING * * *
Pikel burns you.
* * * LOW HITPOINT WARNING * * *
You puncture Erolcha!
Erolcha is severely wounded.
Pikel hits you with a whip of flaming.
* * * LOW HITPOINT WARNING * * *
Pikel burns you.
* * * LOW HITPOINT WARNING * * *
Erolcha casts a spell at you.
The fireball explodes!
The fireball engulfs you!
You die...

#.........##
#.#.#.#....
#.......#.#
##.#.#)#.#.#
#..........###.
#..#.#.#....O.....
#..)).)..######...##
#.###..#K............
...#.#@O............
###.#.#.#.##.#......##
#.#.#.#............. #
#.#.............#
#.#.............#
#.#.....##......#
..#.....#.......#
#.....#.#.#.#.#
#.............###


You could see Erolcha (invisible) and Pikel.

Vanquished Creatures
  The ghost of Gigax the Firebug, an average OpFE (D:4)
  2 water moccasins
  A sky beast (D:5)
  3 phantoms
  An ice beast (D:9)
  3 slaves (D:8)
  A black bear (D:8)
  4 ogres
  2 centaurs
  3 giant frogs
  A scorpion (D:5)
  2 wights (D:7)
  The ghost of Gigax the Shield-Bearer, a weakling OpFi (D:3)
  2 crimson imps (D:5)
  2 goliath beetles
  2 hounds
  2 jellies
  6 orc priests
  3 orc wizards
  A centaur skeleton (D:4)
  4 worker ants
  2 iguanas
  Ijyb (D:4)
  9 adders
  A giant mite (D:6)
  4 worms
  An adder skeleton (D:8)
  2 oozes
  25 orcs
  2 giant cockroaches
  11 goblins
  11 hobgoblins
  15 kobolds
  6 quokkas
  2 ball pythons
  13 bats
  4 giant geckos
  5 giant newts
  A giant newt skeleton (D:4)
  A gnoll skeleton (D:6)
  14 jackals
  A kobold zombie (D:8)
  2 orc skeletons
  13 rats
  A rat skeleton (D:7)
194 creatures vanquished.

Vanquished Creatures (collateral kills)
  A slave (D:8)
  A wight (D:7)
  A hound zombie (D:7)
  8 orcs
  A hobgoblin skeleton (D:8)
  A rat (D:8)
13 creatures vanquished.

Vanquished Creatures (others)
  A giant newt (D:2)
1 creature vanquished.

Grand Total: 208 creatures vanquished

Notes
Turn   | Place    | Note
--------------------------------------------------------------
     0 | D:1      | Kashira, the Naga Enchanter, began the quest for the Orb.
     0 | D:1      | Reached XP level 1. HP: 15/15 MP: 3/3
   189 | D:1      | Reached XP level 2. HP: 5/22 MP: 4/4
  1179 | D:2      | Reached XP level 3. HP: 14/28 MP: 6/6
  1375 | D:2      | Learned a level 3 spell: Dazzling Spray
  2016 | D:2      | Reached XP level 4. HP: 20/37 MP: 1/8
  2086 | D:2      | Found a radiant altar of Vehumet.
  2525 | D:3      | Reached skill level 1 in Fighting
  2584 | D:4      | Noticed Ijyb
  2600 | D:4      | Killed Ijyb
  2606 | D:4      | Noticed Gigax's ghost (average OpFE)
  2957 | D:4      | Reached XP level 5. HP: 38/44 MP: 2/9
  2960 | D:4      | Noticed a phantom
  2962 | D:4      | Learned a level 3 spell: Confuse
  3341 | D:4      | Killed a phantom
  3341 | D:4      | Reached skill level 1 in Conjurations
  3341 | D:4      | Reached XP level 6. HP: 9/51 MP: 3/12
  3860 | D:3      | Noticed an ogre
  3866 | D:3      | Killed an ogre
  4087 | D:3      | Reached XP level 7. HP: 57/57 MP: 1/15
  4188 | D:3      | Learned a level 4 spell: Enslavement
  4193 | D:3      | Noticed Gigax's ghost (weakling OpFi)
  4203 | D:3      | Killed Gigax's ghost
  4268 | D:3      | Found a blossoming altar of Fedhas.
  4268 | D:3      | Found a shadowy altar of Dithmenos.
  4757 | D:4      | Found Cuxkyan's Jewellery Shoppe.
  4825 | D:4      | Killed Gigax's ghost
  4825 | D:4      | Reached skill level 5 in Hexes
  4937 | D:4      | Found Zin's Purification Station.
  4961 | D:4      | Found a glowing silver altar of Zin.
  4997 | D:4      | Reached XP level 8. HP: 58/67 MP: 5/18
  5344 | D:5      | Entered Level 5 of the Dungeon
  5838 | D:5      | Got a colourful robe
  5852 | D:5      | Identified the cursed -2 robe "Ihekoinn" {Dex+4 Int+4} (You found it on level 5 of the Dungeon)
  5967 | D:5      | Reached skill level 5 in Spellcasting
  6080 | D:5      | Reached skill level 6 in Hexes
  6293 | D:6      | Found a staircase to the Ecumenical Temple.
  6347 | Temple   | Entered the Ecumenical Temple
  6410 | Temple   | Became a worshipper of Cheibriados the Contemplative
  6502 | D:6      | Found a white marble altar of Elyvilon.
  6784 | D:6      | Reached XP level 9. HP: 73/73 MP: 0/22
  7335 | D:7      | Learned a level 2 spell: Stoneskin
  7673 | D:7      | Reached skill level 7 in Hexes
  7839 | D:8      | Noticed Pikel
  8455 | D:8      | Learned a level 4 spell: Airstrike
  8483 | D:8      | Noticed Erolcha
  8694 | D:8      | Killed from afar by Erolcha

Action                   |  1- 3 |  4- 6 |  7- 9 || total
-------------------------+-------+-------+-------++-------
Melee: Dagger            |    71 |    71 |   145 ||   287
       Trident           |       |       |    71 ||    71
 Cast: Corona            |     1 |     1 |       ||     2
       Dazzling Spray    |     5 |    34 |    83 ||   122
       Confuse           |       |       |    48 ||    48
       Enslavement       |       |       |    21 ||    21
       Stoneskin         |       |       |     3 ||     3
       Airstrike         |       |       |     2 ||     2
 Abil: Spit Poison       |    44 |    44 |    85 ||   173
  Use: Scroll            |       |     4 |     4 ||     8
       Potion            |       |     4 |     5 ||     9
 Stab: Sleeping          |     1 |     1 |     8 ||    10
       Invisible         |       |     1 |     4 ||     5
       Confused          |       |       |    17 ||    17
  Eat: Meat ration       |     1 |       |       ||     1
       Chunk             |     1 |    12 |    20 ||    33
       Pizza             |       |     1 |       ||     1
       Beef jerky        |       |     1 |       ||     1
       Bread ration      |       |       |     1 ||     1
